Map: Dusk Towers

Players

zelderan - Winner!

  • Race: Zerg Zerg
  • League: Gold

Hunter

  • Race: Zerg Zerg
  • League: Platinum

VOD

Have the link to the VOD?

Description

Time

  • Played on: Nov. 22, 2015, 5:08 p.m.
  • Length: 12:55
Show
View Real Time Build Order
Export as new Build Order

zelderan Zerg - Winner!

Build Orders: Hatch First 

Get SALT Encoding   

  12  0:01  Drone  
  13  0:12  Overlord  
  13  0:18  Drone  
  14  0:33  Drone x2  
  16  0:38  Drone  
  17  0:54  Hatchery  
  16  0:58  Drone x2  
  16  1:02  Extractor  
  17  1:15  Spawning Pool  
  17  1:17  Drone  
  17  1:22  Drone  
  18  1:30  Drone  
  19  1:41  Drone  
  20  1:51  Overlord  
  20  2:01  Queen  
  20  2:05  Queen  
  20  2:07  Drone  
  20  2:08  Zergling x2  
  26  2:11  Metabolic Boost  
  26  2:16  Drone  
  26  2:19  Drone  
  28  2:25  Drone  
  29  2:33  Drone  
  30  2:38  Drone  
  30  2:39  Baneling Nest  
  30  2:42  Queen  
  32  2:45  Drone  
  33  2:52  Zergling x2  
  33  2:54  Overlord  
  34  3:09  Zergling x4  
  36  3:13  Drone x4  
  40  3:25  Drone  
  40  3:26  Drone, Overlord  
  42  3:30  Overlord  
  42  3:52  Hatchery  
  42  3:54  Zergling x6  
  42  3:55  Zergling x4  
  46  3:56  Roach Warren  
  46  3:57  Baneling x3  
  45  4:07  Drone  
  45  4:08  Drone x2  
  48  4:10  Drone x3  
  48  4:13  Lair  
  48  4:16  Evolution Chamber  
  50  4:27  Drone x2, Extractor  
  51  4:31  Extractor  
  51  4:32  Overlord x2  
  50  4:39  Roach  
  50  4:43  Zerg Missile Weapons Level 1  
  52  4:48  Overlord  
  52  4:52  Drone x2  
  54  4:53  Drone x2  
  54  4:54  Roach  
  54  4:55  Roach  
  54  4:56  Roach x2  
  64  5:05  Drone x3  
  67  5:10  Glial Reconstitution  
  67  5:16  Drone x6  
  73  5:22  Extractor  
  73  5:24  Overseer  
  72  5:30  Roach x3  
  78  5:36  Overlord x3  
  78  5:40  Roach x2  
  82  6:00  Drone x3  
  82  6:03  Queen  
  87  6:07  Spire  
  87  6:10  Extractor  
  86  6:11  Drone x4  
  86  6:12  Extractor  
  88  6:28  Zergling x4  
  88  6:29  Zergling x10  
  95  7:02  Drone x4  
  95  7:04  Spore Crawler  
  95  7:05  Spore Crawler  
  95  7:07  Spore Crawler  
  96  7:21  Mutalisk  
  96  7:22  Mutalisk x4  
  106  7:24  Overlord x4  
  106  7:34  Overlord x3  
  106  7:35  Overlord  
  106  7:40  Overseer  
  106  7:45  Mutalisk x9  
  106  7:49  Ravager  
  125  8:04  Zerg Ground Armor Level 1  
  125  8:06  Zerg Flyer Weapons Level 1  
  125  8:29  Roach x4  
  125  8:30  Roach x9  
  125  8:31  Roach  
  137  8:49  Roach x8  
  137  8:50  Roach x2  
  139  9:12  Roach x7  
  153  9:25  Roach x3  
  143  9:57  Roach x5  
  143  9:58  Roach x4  
  135  10:15  Mutalisk x3  
  127  10:24  Zerg Missile Weapons Level 2  
  109  10:44  Roach x4  
  109  10:45  Roach  
  109  11:03  Roach x8  
  109  11:04  Roach x3  
  111  11:17  Roach x5  
  84  11:34  Roach x4  
  84  11:44  Queen  
  84  11:45  Drone x3  
  89  12:00  Drone x5  
  94  12:27  Extractor  
  94  12:28  Mutalisk x6  
  94  12:29  Mutalisk x4  
Show
View Real Time Build Order
Export as new Build Order

Hunter Zerg 

Build Orders: Pool First 

Get SALT Encoding   

  12  0:08  Overlord  
  12  0:17  Drone x2  
  14  0:26  Drone  
  15  0:30  Drone  
  16  0:41  Drone  
  17  0:47  Spawning Pool  
  16  0:52  Drone  
  17  1:13  Hatchery  
  17  1:18  Drone  
  17  1:20  Drone, Extractor  
  17  1:37  Drone, Overlord  
  18  1:42  Queen  
  18  1:45  Zergling x2  
  21  1:57  Zergling x2  
  22  2:09  Drone  
  23  2:23  Drone  
  23  2:25  Queen  
  23  2:26  Queen  
  23  2:28  Drone x2  
  30  2:33  Metabolic Boost  
  30  2:39  Overlord  
  30  2:48  Drone x2  
  30  2:51  Drone  
  33  3:10  Roach Warren  
  31  3:13  Drone x5  
  31  3:15  Queen  
  38  3:28  Extractor  
  36  3:45  Drone x8  
  36  3:46  Overlord x2  
  44  4:05  Evolution Chamber  
  44  4:06  Evolution Chamber  
  44  4:09  Roach  
  46  4:10  Roach x4  
  52  4:27  Overlord  
  52  4:31  Drone x7  
  53  4:33  Zerg Missile Weapons Level 1  
  53  4:37  Zerg Ground Armor Level 1  
  59  4:43  Overlord  
  59  4:44  Overlord  
  59  4:58  Hatchery  
  58  5:03  Lair  
  58  5:04  Roach  
  60  5:09  Drone, Extractor  
  60  5:10  Drone x5, Extractor  
  64  5:14  Overlord  
  64  5:40  Drone x7  
  71  5:45  Roach  
  73  5:52  Roach x6  
  73  5:53  Roach  
  87  6:04  Drone  
  87  6:05  Drone  
  89  6:17  Overseer  
  89  6:20  Hydralisk Den  
  89  6:22  Pneumatized Carapace  
  89  6:23  Drone  
  89  6:26  Roach  
  89  6:27  Roach x3  
  97  6:34  Overlord x3  
  97  6:35  Overlord  
  97  6:40  Drone  
  97  6:42  Overlord x3  
  98  6:49  Zerg Missile Weapons Level 2, Nydus Network  
  98  6:52  Queen  
  99  6:56  Drone  
  99  6:57  Drone x3  
  99  6:58  Drone x6  
  99  7:00  Extractor x2  
  107  7:09  Overseer  
  107  7:21  Overseer  
  107  7:26  Roach  
  107  7:27  Roach x9  
  127  7:32  Drone x2  
  127  7:33  Drone x2  
  131  7:41  Overlord  
  131  7:42  Overlord x2  
  131  7:43  Zerg Ground Armor Level 2  
  131  7:50  Glial Reconstitution  
  131  7:53  Roach  
  131  7:54  Roach  
  131  7:57  Overlord  
  131  7:58  Overlord x2  
  135  8:06  Roach  
  135  8:07  Roach x7  
  151  8:17  Spore Crawler  
  151  8:19  Spore Crawler, Hydralisk  
  149  8:20  Hydralisk x2  
  155  8:30  Overlord x2  
  155  8:31  Overlord x2  
  155  8:33  Hydralisk  
  157  8:34  Hydralisk x4  
  165  8:41  Infestation Pit  
  148  8:50  Hydralisk x6  
  140  9:00  Hydralisk x4  
  124  9:04  Hydralisk  
  124  9:05  Hydralisk  
  124  9:12  Hydralisk  
  124  9:13  Hydralisk x2  
  130  9:18  Overseer  
  128  9:33  Hydralisk  
  128  9:36  Pathogen Glands  
  126  9:42  Drone x8  
  132  9:50  Hydralisk  
  132  9:51  Hydralisk x6  
  90  10:33  Spore Crawler x4  
  90  10:35  Spore Crawler  
  79  10:36  Spore Crawler  
  79  10:37  Queen  
  79  10:39  Spore Crawler  
  75  10:44  Spore Crawler  
  74  10:56  Roach x6  
  73  11:17  Roach  
  73  11:18  Roach  
  67  11:30  Hatchery  
  58  11:35  Roach x4  
  50  12:01  Queen  
  52  12:13  Roach  
  52  12:14  Roach  
  56  12:29  Roach x2  
Tags
 
Add a new tag
Caveats
  • Supply blocks, unpowered buildings, or Contaminate may cause inaccurate times.
  • Supply counts are checked every 10 seconds.